 Dungeon Crawl Stone Soup version 0.32-a0-607-g64ea0e4219 (webtiles) character file.

Game seed: 8519804356018290322

25327 cforsyth the Artisan of Death (level 12, -1/110 HPs)
             Began as a Mountain Dwarf Necromancer on Mar 3, 2024.
             Was a Priest of Kikubaaqudgha.
             Slain by a salamander
             ... wielding a +1 trident of flaming
              (3 damage)
             ... in a volcano.
             The game lasted 00:45:18 (21610 turns).

cforsyth the Artisan of Death (MDNe)               Turns: 21610, Time: 00:45:18

Health: -1/110     AC: 15    Str: 19    XL:     12   Next: 88%
Magic:  14/15      EV: 11    Int: 19    God:    Kikubaaqudgha [***...]
Gold:   2369       SH:  0    Dex: 10    Spells: 1/15 levels left

rFire   . . .        x - +8 frozen axe "Frostbite" {freeze, freezing cloud, *Noise Fly rC+}
rCold   + + .        (shield currently unavailable)
rNeg    . . .        u - +2 ring mail {rC+}
rPois   .            g - +0 helmet
rElec   .            d - +0 cloak
rCorr   +            h - +0 pair of gloves
SInv    .            c - +0 pair of boots
Will    ++...        a - amulet of magic regeneration
Stlth   +            S - +6 ring of strength
HPRegen 0.38/turn    X - ring "Beipoh" {Will+ rCorr}
MPRegen 0.54/turn

%: no passive effects
@: animating dead, flying
A: runic magic, artefact enchanting
a: Renounce Religion, Unearth Wretches


You were in a volcano.
You worshipped Kikubaaqudgha.
Kikubaaqudgha was most pleased with you.
You visited 3 branches of the dungeon, and saw 15 of its levels.
You also visited: Ossuary and Volcano.

You collected 2473 gold pieces.
You spent 104 gold pieces at shops.


Innate Abilities, Weirdness & Mutations

Your spellcasting is much less encumbered by armour.
You can use scrolls of enchantment on lesser artefacts.


   Skills:
 - Level 11.0 Fighting
 + Level 11.2 Axes
 + Level 11.0 Armour
 - Level 1.3 Dodging
 - Level 1.4 Stealth
 - Level 2.1 Spellcasting
 + Level 13.1 Necromancy
 - Level 9.0 Earth Magic


You had one spell level left.
You knew the following spells:

 Your Spells              Type           Power      Damage    Failure   Level
a - Animate Dead          Necr           51%        N/A       1%          4
b - Borgnjor's Vile Clut  Necr/Erth      22%        N/A       5%          5
n - Dispel Undead         Necr           51%        3d19      1%          4
X - Necrotise             Necr           100%       1d9       1%          1

Your spell library contained the following spells:

 Spells                   Type           Power      Damage    Failure   Level
 Kiss of Death            Conj/Necr      100%       2d13      1%          1
 Apportation              Tloc           4%         N/A       19%         1
 Foxfire                  Conj/Fire      8%         2x1d4     19%         1
 Shock                    Conj/Air       8%         1d3       19%         1
 Slow                     Hex            8%         N/A       19%         1
 Sting                    Conj/Alch      8%         1d3       19%         1
 Summon Small Mammal      Summ           8%         N/A       19%         1
 Sublimation of Blood     Necr           51%        N/A       1%          2
 Fugue of the Fallen      Necr           51%        N/A       1%          3
 Passwall                 Erth           36%        N/A       1%          3
 Vampiric Draining        Necr           51%        2d9       1%          3
 Curse of Agony           Necr           51%        N/A       2%          5
 Cigotuvi's Dreadful Rot  Necr/Alch/Air  36%        N/A       4%          2
 Anguish                  Hex/Necr       13%        N/A       12%         4
 Martyr's Knell           Necr/Summ      26%        N/A       12%         4
 Death Channel            Necr           25%        N/A       13%         6
 Ensorcelled Hibernation  Hex/Ice        4%         N/A       28%         2
 Jinxbite                 Hex            4%         N/A       28%         2
 Momentum Strike          Conj/Tloc      4%         3d8       28%         2
 Confusing Touch          Hex            2%         N/A       50%         3
 Dazzling Flash           Conj/Hex       4%         N/A       50%         3
 Gell's Gravitas          Tloc           2%         N/A       50%         3
 Hailstorm                Conj/Ice       2%         3d5       50%         3
 Inner Flame              Hex/Fire       2%         N/A       50%         3
 Sigil of Binding         Hex            2%         N/A       50%         3
 Summon Ice Beast         Ice/Summ       2%         N/A       50%         3
 Swiftness                Air            2%         N/A       50%         3
 Volatile Blastmotes      Fire/Tloc      4%         2d10      50%         3
 Airstrike                Air            1%         2d(1-17)  88%         4
 Cause Fear               Hex            1%         N/A       88%         4
 Iskenderun's Mystic Bla  Conj/Tloc      2%         2d3       88%         4
 Olgreb's Toxic Radiance  Alch           2%         N/A       88%         4
 Alistair's Intoxication  Alch           1%         N/A       99%         5
 Irradiate                Conj/Alch      1%         3d12      99%         5
 Yara's Violent Unravell  Hex/Alch       1%         3d3       99%         5
 Infestation              Necr           25%        N/A       99%         8
 Sculpt Simulacrum        Ice/Alch       1%         N/A       100%        6
 Starburst                Conj/Fire      1%         6d3       100%        6
 Enfeeble                 Hex            1%         N/A       100%        7
 Haunt                    Necr/Summ      13%        N/A       100%        7
 Ozocubu's Refrigeration  Ice            1%         4d7       100%        7
 Discord                  Hex            1%         N/A       100%        8
 Maxwell's Capacitive Co  Air            1%         ∞         100%        8

Inventory:

Hand Weapons
 i - a +0 war axe
 l - a +0 dagger of holy wrath
 q - a +2 dagger of venom
 x - the +8 frozen axe "Frostbite" (weapon) {freeze, freezing cloud, *Noise Fly rC+}
   (You acquired it on level 10 of the Dungeon)

   rC+:       It protects you from cold.
   Fly:       It grants you flight.
   *Noise:    It may make a loud noise when swung.
 A - a +4 whip
 B - a +1 whip of flaming
 F - a +1 broad axe
Armour
 c - a +0 pair of boots (worn)
 d - a +0 cloak (worn)
 g - a +0 helmet (worn)
 h - a +0 pair of gloves (worn)
 s - a +2 plate armour of fire resistance
 u - a +2 ring mail of cold resistance (worn)
 I - a +0 hat of stealth
Magical Staves
 Y - a staff of death {!a}
Jewellery
 a - an amulet of magic regeneration (around neck)
 e - a +5 ring of evasion
 v - a ring of see invisible
 C - a ring of protection from cold
 P - a ring of poison resistance
 Q - the ring "Kilecuck" {rN+ Dex+4}
   (You took it off an orc on level 12 of the Dungeon)

   [ring of positive energy]

   Dex+4:     It affects your dexterity (+4).
   rN+:       It protects you from negative energy.
 S - a +6 ring of strength (left hand)
 W - a ring of willpower
 X - the ring "Beipoh" (right hand) {Will+ rCorr}
   (You found it on level 8 of the Dungeon)

   [ring of willpower]

   Will+:     It increases your willpower.
   rCorr:     It protects you from acid and corrosion.
Wands
 G - a wand of light (4)
 L - a wand of flame (14)
 M - a wand of mindburst (3)
 O - a wand of warping (4)
Scrolls
 f - 5 scrolls of amnesia
 k - 4 scrolls of teleportation {@r2}
 m - 8 scrolls of vulnerability
 r - a scroll of fog
 y - 2 scrolls of revelation
 H - 2 scrolls of identify {@r1}
 K - 2 scrolls of poison
 N - a scroll of immolation
 U - a scroll of enchant armour
Potions
 b - 2 potions of magic
 j - 2 potions of mutation
 n - 3 potions of haste {@q3}
 o - a potion of might
 p - a potion of enlightenment
 t - 2 potions of attraction
 w - 6 potions of lignification
 z - 2 potions of heal wounds {@q2}
 J - 10 potions of curing {@q1}
 R - a potion of berserk rage {!q}
 T - a potion of ambrosia
Miscellaneous
 V - a lightning rod (4/4)

Dungeon Overview and Level Annotations

Branches:
Dungeon (12/15)            Temple (1/1) D:4            Lair (2/5) D:9
  Swamp (0/4) Lair:2          Orc (0/2) D:10        Ossuary (visited)
Volcano (1/1)
  Snake: Lair:2-3    Spider: Lair:2-3

Altars:
Ashenzari
Cheibriados
Dithmenos
Elyvilon
Fedhas
Gozag
Hepliaklqana
Kikubaaqudgha
Makhleb
Nemelex Xobeh
Okawaru
Qazlal
Ru
Sif Muna
Trog
Uskayaw
Vehumet
Wu Jian
Xom
Yredelemnul
Zin
The Shining One
Lugonu

Shops:
D:3 (   D:4 *

Annotations:
D:4 2 runed translucent doors, justen's ghost, amateur CoWr
D:9 3 runed translucent doors, killozap's ghost, novice MDFE

##..###ß▒ [≈)
#.##..#≈▒ .≈!§
##.###N# ▒▒▒ .≈§§)
#.##.≈###ß▒.≈§≈.≈
##.##≈.b∩NNbS.§§§.
#.##ß#####ß▒b≈.≈.≈
#.#####.##▒▒ .§§≈!
##N##Z.#.## .≈[§
##○@####.# ▒▒▒
#### #.# #### #.#
#..## ##.##
##...##
#ß.ß###.....##
#...##..§§...#
#......§§≈§.§.
#.......≈≈§§§..
#....≈.§≈≈≈≈≈§.


You could see a salamander (fast, ally target) and a friendly fire bat zombie.


Message History

You freeze the salamander mystic.
The salamander mystic is severely wounded.
The salamander mystic is engulfed in freezing vapours.
The salamander mystic hits you but does no damage.
The salamander hits you from afar with a +1 trident of flaming!
* * * LOW HITPOINT WARNING * * *
You are engulfed in flames!
* * * LOW HITPOINT WARNING * * *
The salamander burns you.
* * * LOW HITPOINT WARNING * * *
The salamander mystic is engulfed in freezing vapours.
The salamander mystic hits you with a +2 quarterstaff of speed.
* * * LOW HITPOINT WARNING * * *
You are engulfed in flames!
* * * LOW HITPOINT WARNING * * *
The salamander closely misses you.
Unknown command.
Unknown command.
Unknown command.
You slice the salamander mystic!! You freeze the salamander mystic!
You kill the salamander mystic!
Kikubaaqudgha accepts your kill. The salamander closely misses you.
The salamander hits you from afar with a +1 trident of flaming!
* * * LOW HITPOINT WARNING * * *
You are engulfed in flames!
* * * LOW HITPOINT WARNING * * *
The salamander burns you.
You die...
Kikubaaqudgha rasps: You have failed me!
Welcome... death!

Skill      XL: |  1  2  3  4  5  6  7  8  9 10 11 12 |
---------------+-------------------------------------+-----
Fighting       | 1 2 3 4 5 6 7 8 9 11 | 11.0
Necromancy     | 5 6 7 8 9 10 11 13 | 13.1
Armour         | 3 5 6 7 9 11 | 11.0
Axes           | 3 5 7 9 11 | 11.2
Earth Magic    | 3 5 7 9 |  9.0
Spellcasting   | 2 |  2.1
Dodging        | |  1.3
Stealth        | |  1.4

Action                     |  1- 3 |  4- 6 |  7- 9 | 10-12 || total
---------------------------+-------+-------+-------+-------++-------
  Melee: Unarmed           |    60 |       |       |       ||    60
         Dagger            |       |    58 |    16 |       ||    74
         Broad axe         |       |       |   336 |   250 ||   586
         Executioner's axe |       |       |       |   215 ||   215
   Cast: Necrotise         |    40 |   176 |   100 |    25 ||   341
         Animate Dead      |       |       |     7 |    19 ||    26
         Borgnjor's Vile C |       |       |       |     6 ||     6
         Dispel Undead     |       |       |       |     1 ||     1
 Invoke: Unearth Wretches  |       |       |       |    11 ||    11
  Evoke: Wand              |       |       |     5 |    31 ||    36
    Use: Potion            |     1 |       |       |     3 ||     4
         Scroll            |       |     7 |    15 |    11 ||    33
   Stab: Paralysed         |       |       |       |    12 ||    12
         Distracted        |       |       |       |     2 ||     2
 Armour: Robe              |    41 |    19 |       |       ||    60
         Ring mail         |       |    63 |   533 |   646 ||  1242
  Dodge: Dodged            |    40 |    63 |   444 |   369 ||   916

Levels and vault maps discovered:
D:1:      tarquinn_simple_flora_water_d, layout_loops_ring, serial_bayou_ford_a,
          serial_bayou_pond_e
D:2:      minmay_angry_zag, layout_loops_ring, minmay_misc_feat_pillars,
          minmay_hexomino_r4
D:3:      layout_basic, riverfiend_overflow_shadow_ancestor, lemuel_tele_altar,
          dreamdust_ecumenical_altar_angels_and_demons, serial_shops,
          nicolae_shop_real_fake_doors, kennysheep_generic_room_16
D:4:      layout_loops_cross, minmay_temple_entry_mini_moons, serial_shops,
          nicolae_shop_overgrown_old_shop, ebering_ghost_disaster_area
D:5:      layout_basic, uniq_ijyb, uniq_pikel
D:6:      layout_basic, ashenzari_conservatory_becter, enter_ossuary_2
D:7:      layout_loops_ring
D:8:      minmay_tri_box, layout_rooms, minitemple
D:9:      layout_loops_ring, grunt_qazlal_clouds, erik_lair_island,
          gammafunk_ghost_split
D:10:     layout_roguey, kennysheep_little_box, kennysheep_mini, zin_statuary,
          erik_orc_4, uniq_joseph, uniq_gastronok
D:11:     layout_rooms, serial_glass, glass_columns_b, glass_columns_a,
          glass_columns_c, glass_columns_a
D:12:     layout_basic
Temple:   corrupted_temple
Lair:1:   layout_cave_pods, basic_altar, nzn_sisyphean_effort
Lair:2:   layout_gridlike, swamp_mist_pool, lightli_volcano_entry_magma_tube,
          serial_bayou_shore_b
Volcano:  volcano_grotto [vgs_hot_hot_hot]

Notes
Turn   | Place    | Note
-------+----------+-------------------------------------------
     0 | D:1      | cforsyth the Mountain Dwarf Necromancer began the quest for
                  | the Orb.
     0 | D:1      | Reached XP level 1. HP: 14/14 MP: 3/3
   219 | D:1      | Got Keitu's Cyclopedia of Conjuring and the Blink Frog
   284 | D:1      | Reached skill level 1 in Fighting
   373 | D:1      | You fall into a shaft and drop 1 floor!
   394 | D:2      | Reached XP level 2. HP: 23/23 MP: 2/4
   461 | D:2      | Reached skill level 2 in Fighting
   461 | D:2      | Reached skill level 5 in Necromancy
   461 | D:2      | Reached XP level 3. HP: 29/29 MP: 0/5
   882 | D:2      | Reached XP level 4. HP: 32/37 MP: 1/6
  1149 | D:2      | Reached skill level 3 in Fighting
  2718 | D:3      | Found Seti Bis's Antique Weapon Boutique.
  2776 | D:3      | Found a radiant altar of Vehumet.
  2816 | D:3      | Reached XP level 5. HP: 45/45 MP: 7/7
  3033 | D:3      | Reached skill level 6 in Necromancy
  3341 | D:3      | Found a faded altar of an unknown god.
  3483 | D:3      | Found a shadowy altar of Dithmenos.
  3483 | D:3      | Found a hazy altar of Hepliaklqana.
  3486 | D:3      | Noticed a shadow
  3708 | D:3      | Reached skill level 4 in Fighting
  4220 | D:4      | Found a large runed translucent door.
  4220 | D:4      | Found a large runed translucent door.
  4223 | D:4      | Noticed justen's ghost (amateur CoWr)
  4237 | D:4      | Found a staircase to the Ecumenical Temple.
  4250 | Temple   | Entered the Ecumenical Temple
  4263 | Temple   | Became a worshipper of Kikubaaqudgha
  4282 | D:4      | Reached XP level 6. HP: 50/53 MP: 3/8
  4569 | D:4      | Reached skill level 5 in Fighting
  4752 | D:4      | Found Daityqoi's Assorted Antiques.
  4787 | D:4      | Bought a scroll labelled INWUVV BYDAZ for 18 gold pieces
  4787 | D:4      | Bought a scroll labelled ULIOXU DUKOBA for 18 gold pieces
  4787 | D:4      | Bought an amethyst potion for 16 gold pieces
  4787 | D:4      | Bought a scroll of identify for 36 gold pieces
  4787 | D:4      | Bought an amethyst potion for 16 gold pieces
  4999 | D:4      | Reached skill level 7 in Necromancy
  5386 | D:5      | Entered Level 5 of the Dungeon
  5386 | D:5      | Noticed a water moccasin
  5402 | D:4      | Killed a water moccasin
  5403 | D:4      | Reached XP level 7. HP: 40/62 MP: 9/9
  5520 | D:5      | Noticed Pikel
  5538 | D:4      | Killed Pikel
  5539 | D:4      | Reached skill level 6 in Fighting
  5539 | D:4      | Reached skill level 3 in Armour
  5539 | D:4      | Reached skill level 8 in Necromancy
  5539 | D:4      | Reached XP level 8. HP: 39/71 MP: 0/10
  5711 | D:5      | Noticed Ijyb
  5718 | D:5      | Killed Ijyb
  6012 | D:5      | Reached skill level 7 in Fighting
  6429 | D:5      | Reached skill level 1 in Axes
  6869 | D:5      | Reached skill level 4 in Armour
  6995 | D:6      | Identified 3 scrolls of acquirement
  6995 | D:6      | Acquired 1086 gold pieces
  6997 | D:6      | Acquired the Volume of the Salvo and Unholy Magicks
  6999 | D:6      | Acquired 682 gold pieces
  7003 | D:6      | Found a broken altar of Ashenzari.
  7059 | D:6      | Found a sand-covered staircase.
  7072 | Ossuary  | Entered an ossuary
  7088 | Ossuary  | Reached * piety under Kikubaaqudgha
  7088 | Ossuary  | Received a gift from Kikubaaqudgha
  7179 | Ossuary  | Reached skill level 2 in Axes
  7212 | Ossuary  | Reached ** piety under Kikubaaqudgha
  7404 | Ossuary  | Reached skill level 3 in Axes
  7768 | D:6      | Reached skill level 9 in Necromancy
  8141 | D:6      | Reached skill level 5 in Armour
  8164 | D:6      | Reached XP level 9. HP: 75/81 MP: 11/11
  8294 | D:6      | Learned a level 4 spell: Animate Dead
  8352 | D:6      | Reached skill level 8 in Fighting
  9007 | D:6      | Reached skill level 4 in Axes
  9007 | D:6      | Reached skill level 1 in Earth Magic
  9374 | D:7      | Paralysed by a hornet for 2 turns
  9606 | D:7      | Reached skill level 2 in Earth Magic
  9853 | D:7      | Reached *** piety under Kikubaaqudgha
  9853 | D:7      | Received a gift from Kikubaaqudgha
  9910 | D:7      | Reached skill level 6 in Armour
 10053 | D:7      | Reached skill level 5 in Axes
 10997 | D:7      | Reached skill level 3 in Earth Magic
 11955 | D:7      | Reached XP level 10. HP: 53/90 MP: 9/12
 12067 | D:7      | Learned a level 5 spell: Borgnjor's Vile Clutch
 12183 | D:7      | Reached skill level 10 in Necromancy
 12186 | D:7      | Reached skill level 9 in Fighting
 12348 | D:8      | Reached skill level 6 in Axes
 12348 | D:8      | Reached skill level 4 in Earth Magic
 12351 | D:8      | Noticed a deep elf pyromancer
 12582 | D:8      | Found a shimmering blue altar of Sif Muna.
 12589 | D:8      | Found an iron altar of Okawaru.
 12590 | D:8      | Found a glowing golden altar of the Shining One.
 12830 | D:8      | Found a snail-covered altar of Cheibriados.
 12832 | D:8      | Found a hide-covered altar of Uskayaw.
 12932 | D:8      | Reached skill level 7 in Armour
 13020 | D:8      | Noticed a two-headed ogre
 13047 | D:8      | Killed a two-headed ogre
 13092 | D:8      | Noticed a centaur warrior
 13092 | D:8      | Noticed a centaur warrior
 13110 | D:8      | Killed a centaur warrior
 13111 | D:8      | Reached skill level 5 in Earth Magic
 13111 | D:8      | Killed a centaur warrior
 13112 | D:8      | Reached skill level 7 in Axes
 13369 | D:8      | Noticed a gargoyle
 13527 | D:9      | Found a stormy altar of Qazlal.
 13536 | D:9      | Noticed an eight-headed hydra
 13715 | D:9      | Found a runed translucent gate.
 13716 | D:9      | Found a runed translucent gate.
 13717 | D:9      | Found a runed translucent gate.
 13717 | D:9      | Noticed a two-headed ogre
 13719 | D:9      | Noticed killozap's ghost (novice MDFE)
 13720 | D:9      | Noticed a cyclops
 13950 | D:9      | Reached XP level 11. HP: 60/99 MP: 13/13
 13951 | D:9      | Reached skill level 10 in Fighting
 13955 | D:9      | Reached skill level 8 in Armour
 14362 | D:9      | Found a staircase to the Lair.
 14409 | D:9      | Reached skill level 6 in Earth Magic
 14428 | D:9      | Reached skill level 11 in Necromancy
 15189 | D:10     | Entered Level 10 of the Dungeon
 15351 | D:10     | Noticed Gastronok
 15565 | D:9      | Reached skill level 8 in Axes
 15779 | D:10     | Killed Gastronok
 16236 | D:10     | Acquired a book of Death
 16238 | D:10     | Acquired the +8 frozen axe "Frostbite" {freeze, freezing
                  | cloud, *Noise Fly rC+}
 16238 | D:10     | Found the +8 frozen axe "Frostbite" {freeze, freezing
                  | cloud, *Noise Fly rC+}
 16412 | D:10     | Reached skill level 2 in Spellcasting
 16443 | D:10     | Found a staircase to the Orcish Mines.
 16499 | D:10     | Learned a level 4 spell: Dispel Undead
 16691 | D:10     | Reached skill level 7 in Earth Magic
 16785 | D:10     | Found a sparkling altar of Nemelex Xobeh.
 16845 | D:10     | Noticed Joseph
 16849 | D:10     | Killed Joseph
 16959 | D:10     | Found a basalt altar of Yredelemnul.
 17086 | D:10     | Found a glowing silver altar of Zin.
 17188 | D:11     | Reached skill level 9 in Armour
 17211 | D:11     | Reached skill level 9 in Axes
 17619 | D:11     | Reached skill level 11 in Fighting
 17688 | D:12     | Noticed a two-headed ogre
 17693 | D:12     | Killed a two-headed ogre
 17694 | D:12     | Reached XP level 12. HP: 110/110 MP: 8/15
 17695 | D:12     | Noticed a seven-headed hydra
 17790 | D:12     | Noticed a boulder beetle
 17890 | D:12     | Killed a boulder beetle
 17891 | D:12     | Reached skill level 12 in Necromancy
 17891 | D:12     | Reached skill level 8 in Earth Magic
 18165 | D:12     | Identified the ring "Kilecuck" {rN+ Dex+4}
 18677 | D:12     | Noticed a two-headed ogre
 18682 | D:12     | Killed a two-headed ogre
 18694 | D:12     | Reached skill level 10 in Axes
 19178 | D:8      | Reached skill level 10 in Armour
 19455 | D:8      | Got the Vellum of Flammable Coordinates
 19493 | D:8      | Identified the ring "Beipoh" {Will+ rCorr}
 19663 | Lair:1   | Entered Level 1 of the Lair of Beasts
 19808 | Lair:1   | Reached **** piety under Kikubaaqudgha
 20014 | Lair:1   | Found a shimmering blue altar of Sif Muna.
 20346 | Lair:1   | Noticed a boulder beetle
 20352 | Lair:1   | Killed a boulder beetle
 20353 | Lair:1   | Reached skill level 9 in Earth Magic
 20788 | Lair:2   | Found a dark tunnel.
 20860 | Lair:2   | Noticed an eight-headed hydra
 20876 | Lair:2   | Killed an eight-headed hydra
 20877 | Lair:2   | Reached skill level 11 in Axes
 21026 | Volcano  | Entered a volcano
 21084 | Volcano  | Reached skill level 13 in Necromancy
 21572 | Volcano  | Noticed a red draconian
 21576 | Volcano  | Reached skill level 11 in Armour
 21610 | Volcano  | HP: 2/110 [salamander/+1 trident of flaming (13)]
 21610 | Volcano  | Slain by a salamander

Vanquished Creatures
  Gastronok (D:10)
  3 hydras
  2 centaur warriors (D:8)
  A boulder beetle (Lair:1)
  3 two-headed ogres
  A salamander mystic (Volcano)
  Pikel (D:4)
  3 deep elf pyromancers
  A cyclops (D:12)
  A manticore (D:10)
  2 salamanders (Volcano)
  Joseph (D:10)
  A meliai (D:8)
  2 cane toads (Lair:1)
  3 gargoyles
  A komodo dragon (Lair:2)
  2 rime drakes
  6 kobold demonologists
  5 trolls
  A hornet (D:7)
  A vampire (D:8)
  2 wyverns
  A shadow (D:10)
  2 wraiths (D:12)
  12 yaks
  3 fire bats (Volcano)
  4 vampire mosquitoes
  A warg (D:9)
  A steam dragon (D:6)
  3 water moccasins
  A sky beast (D:7)
  2 orc warriors
  2 ice beasts
  2 black bears
  3 wolves (D:9)
  2 ogres
  7 centaurs
  8 bullfrogs
  3 kobold brigands
  A gnoll sergeant (D:12)
  A scorpion (D:6)
  7 wights
  18 killer bees
  5 howler monkeys
  3 electric eels (D:9)
  A bombardier beetle (D:5)
  A centaur zombie (Ossuary)
  A jelly (D:4)
  4 lava snakes (Volcano)
  3 human zombies (Ossuary)
  4 orc priests
  A gnoll bouda (D:9)
  6 hounds
  2 sleepcaps
  Ijyb (D:5)
  6 iguanas
  14 orc wizards
  10 hound zombies (Ossuary)
  2 mummies (Ossuary)
  10 gnolls
  15 adders
  2 shadow imps
  3 white imps
  4 ufetubi (D:7)
  4 adder zombies (Ossuary)
  3 ribbon worms (D:2)
  A dart slug (D:4)
  40 orcs
  5 bats
  7 endoplasms
  6 giant cockroaches
  7 gnoll zombies (Ossuary)
  7 goblins
  10 hobgoblins
  5 jackals
  10 kobolds
  A quokka (D:3)
  9 ball pythons
  5 frilled lizards
  5 jackal zombies (Ossuary)
  2 kobold zombies (Ossuary)
  5 orc zombies (Ossuary)
  8 rats
366 creatures vanquished.

Vanquished Creatures (collateral kills)
  A boulder beetle (D:12)
  A two-headed ogre (D:12)
  2 manticores
  A cane toad (Lair:1)
  A kobold demonologist (D:11)
  A wyvern (D:9)
  2 yaks
  A fire bat (Volcano)
  A water moccasin (D:8)
  A black bear (Lair:1)
  2 centaurs (D:9)
  A wight (D:8)
  6 killer bees
  2 orc priests
  A jelly (D:8)
  An orc wizard (D:9)
  A gnoll (D:10)
  A ribbon worm (D:2)
  3 orcs
  A ball python (D:2)
  2 kobolds
33 creatures vanquished.

Vanquished Creatures (others)
  A hydra (D:12)
  A boulder beetle (D:8)
  A skyshark (Lair:1)
  A lindwurm (Lair:1)
  A deep elf pyromancer (D:9)
  2 manticores
  A black mamba (Lair:1)
  A tarantella (shapeshifter) (D:9)
  A boulder beetle zombie (D:8)
  A two-headed ogre zombie (D:12)
  2 fire bat zombies (Volcano)
  A water moccasin (Lair:1)
  2 elf zombies (D:12)
  3 manticore zombies
  An ogre (D:12)
  2 salamander zombies (Volcano)
  A bullfrog (Lair:1)
  A water moccasin zombie (Lair:2)
  4 yak zombies
  A wolf zombie (D:9)
  A bullfrog zombie (Lair:2)
  3 centaur zombies
  An iguana (D:8)
  8 killer bee zombies
  An ogre zombie (D:12)
  A howler monkey zombie (D:11)
  An iguana zombie (D:8)
  A lava snake zombie (Volcano)
  A bat zombie (D:12)
  An endoplasm (D:9)
  A kobold (D:10)
  A kobold zombie (D:10)
  A rat zombie (D:8)
51 creatures vanquished.

Grand Total: 450 creatures vanquished

Table legend: (Time is in decaauts)
 A = Elapsed time spent in this place.
 B = Non-inter-level travel time spent in this place.
 C = Inter-level travel time spent in this place.
 D = Time resting spent in this place.
 E = Time spent auto-exploring this place.
 F = Levels seen in this place.
 G = Mean time per level.
                   A        B        C        D        E       F      G
               +--------+--------+--------+--------+--------+-----+--------+
         Total |  21984 |  21413 |    571 |   4548 |  12719 |  17 | 1293.2 |
       Dungeon |  19254 |  18710 |    544 |   3735 |  11687 |  12 | 1604.5 |
        Temple |     26 |     13 |     13 |      0 |      0 |   1 |   26.0 |
          Lair |   1379 |   1366 |     13 |    255 |    818 |   2 |  689.5 |
       Ossuary |    729 |    729 |      0 |    236 |    200 |   1 |  729.0 |
       Volcano |    594 |    594 |      0 |    322 |     14 |   1 |  594.0 |
               +--------+--------+--------+--------+--------+-----+--------+

Top non-repeatable levels by time:
     D:7: 2863 daAuts
     D:9: 2454 daAuts
     D:8: 1980 daAuts
     D:2: 1681 daAuts
     D:6: 1602 daAuts
     D:4: 1541 daAuts
    D:12: 1444 daAuts
     D:3: 1401 daAuts
    D:10: 1376 daAuts
     D:5: 1371 daAuts
  Lair:1: 1001 daAuts
     D:1: 984 daAuts
 Ossuary: 729 daAuts
 Volcano: 594 daAuts
    D:11: 552 daAuts

Table legend:
 A = Non-vault XP
 B = Vault XP
 C = Vault XP percentage of total XP
 D = Non-vault monster count
 E = Vault monster count
 F = Vault count percentage of total count
                 A         B        C        D         E       F
            +---------+---------+-------+---------+---------+-------
      Total |   24058 |   12892 |  34.9 |     291 |      97 |  25.0
            +---------+---------+-------+---------+---------+-------
        D:1 |      23 |       0 |   0.0 |      15 |       0 |   0.0
        D:2 |     144 |      21 |  12.7 |      27 |       7 |  20.6
        D:3 |      79 |      13 |  14.1 |      20 |       1 |   4.8
        D:4 |     514 |     673 |  56.7 |      27 |       1 |   3.6
        D:5 |     497 |      36 |   6.8 |      14 |       1 |   6.7
        D:6 |     820 |       0 |   0.0 |      19 |       0 |   0.0
        D:7 |    2694 |       0 |   0.0 |      39 |       0 |   0.0
        D:8 |    1353 |    4715 |  77.7 |      14 |       9 |  39.1
        D:9 |    2899 |    1034 |  26.3 |      33 |      10 |  23.3
       D:10 |    1873 |    2379 |  56.0 |      21 |      17 |  44.7
       D:11 |    2780 |       0 |   0.0 |      23 |       0 |   0.0
       D:12 |    5795 |       0 |   0.0 |      22 |       0 |   0.0
     Lair:1 |    2103 |     823 |  28.1 |       9 |       1 |  10.0
     Lair:2 |    2484 |       0 |   0.0 |       8 |       0 |   0.0
    Ossuary |       0 |     472 | 100.0 |       0 |      39 | 100.0
    Volcano |       0 |    2726 | 100.0 |       0 |      11 | 100.0
            +---------+---------+-------+---------+---------+-------
